 Dungeon Crawl Stone Soup version 0.28.0 (webtiles) character file.

Game seed: 3630564927104968070

632 porpoise the Sneak (level 7, -2/50 HPs)
             Began as an Octopode Artificer on Feb 13, 2022.
             Slain by Pikel (10 damage)
             ... on level 5 of the Dungeon.
             The game lasted 00:14:20 (5730 turns).

porpoise the Sneak (Octopode Artificer)             Turns: 5730, Time: 00:14:21

Health: -2/50      AC:  1    Str: 14    XL:     7   Next: 49%
Magic:  7/7        EV: 12    Int: 13    God:
Gold:   210        SH:  3    Dex: 12    Spells: 6/6 levels left

rFire   . . .      SeeInvis .   a - +0 dagger
rCold   . . .      Faith    .   y - +0 buckler
rNeg    . . .      Spirit   .   (helmet restricted)
rPois   .          Reflect  .   (no amulet)
rElec   .          Harm     .   (no ring)
rCorr   .          Rampage  .   (no ring)
Will    .....                   (no ring)
Stlth   ++++......              (no ring)
HPRegen 0.16/turn               (no ring)
MPRegen 0.10/turn               (no ring)
                                (no ring)
                                (no ring)

@: no status effects
A: almost no armour, amphibious, 8 rings, camouflage 1, gelatinous body 1,
(nimble swimmer 1), tentacles
a: no special abilities


You were on level 5 of the Dungeon.
You visited 1 branch of the dungeon, and saw 5 of its levels.

You collected 210 gold pieces.

Inventory:

Hand Weapons
 a - a +0 dagger (weapon)
 b - a +0 hunting sling
 g - a +0 club
 i - a +0 trident
Missiles
 h - 6 boomerangs
 j - 145 stones
 l - 44 arrows
 v - 14 sling bullets
Armour
 y - a +0 buckler (worn)
Jewellery
 m - an amulet of regeneration
Wands
 c - a wand of charming (8)
 p - a wand of flame (8) (quivered)
 z - a wand of polymorph (9)
Scrolls
 o - a scroll of teleportation {unknown}
 r - a scroll of holy word {unknown}
 t - 2 scrolls of immolation {unknown}
 u - a scroll of silence {unknown}
 A - 2 scrolls of magic mapping {unknown}
Potions
 e - 2 potions of flight
 f - a potion of might
 k - a potion of resistance
 n - a potion of attraction
 q - a potion of brilliance {unknown}
 s - 2 potions of degeneration {unknown}
 w - a potion of mutation {unknown}
 x - a potion of curing {unknown}
Miscellaneous
 d - a piece from Xom's chessboard (14/15)


   Skills:
 * Level 5.4 Fighting
 + Level 3.4 Short Blades
 - Level 2.3 Dodging
 + Level 6.2 Stealth
 - Level 3.2 Evocations


You had 6 spell levels left.
You didn't know any spells.
Your spell library contained the following spells:

 Spells                   Type           Power      Damage    Failure   Level
 Sublimation of Blood     Necr           0%         N/A       54%         2
 Wereblood                Tmut           0%         N/A       54%         2
 Gell's Gravitas          Tloc           0%         N/A       77%         3
 Lesser Beckoning         Tloc           0%         N/A       77%         3
 Teleport Other           Tloc           0%         N/A       77%         3
 Summon Hydra             Summ           0%         N/A       100%        7


Dungeon Overview and Level Annotations

Branches:
Dungeon (5/15)
 Temple: D:4-7

Altars:

Annotations:
D:5 Pikel


Innate Abilities, Weirdness & Mutations

You cannot wear most types of armour.
You are amphibious.
You can wear up to eight rings at the same time.
Your skin changes colour to match your surroundings (Stealth+).
Your rubbery body absorbs attacks. (AC +1, EV +1)
((You are camouflaged when in or above water. (Stealth+)))
You have tentacles for arms and can constrict up to eight enemies at once.


Message History

Your lemure dies!
Aiming: Charm
Press: ? - help, Shift-Dir - straight line, f - lemure, p - Pikel
Aim: a lemure (heavily wounded, chance to affect: 57%)
The lemure resists with significant effort.
You hit Pikel. Your grab misses Pikel. Your squeeze misses Pikel.
Pikel is lightly wounded.
Pikel hits you with a +0 whip of flaming!
Pikel burns you.
You make a move on Xom's chessboard...
The lemure appears confused.
Pikel barely misses you.
You hit Pikel but do no damage. Your grab misses Pikel.
Pikel is lightly wounded.
Pikel hits you with a +0 whip of flaming!
Pikel burns you.
You hit Pikel but do no damage. Your grab misses Pikel.
Your squeeze misses Pikel.
Pikel is lightly wounded.
Pikel barely misses you.
The lemure misses Pikel.
The lemure hits itself.
You hit Pikel but do no damage. Your grab misses Pikel.
Your squeeze misses Pikel.
Pikel is lightly wounded.
Pikel barely misses you.
You hit Pikel. Your grab misses Pikel.
Pikel is lightly wounded.
The lemure barely misses Pikel.
Pikel says, "You'll burn in Gehenna!"
Pikel hits you with a +0 whip of flaming!
* * * LOW HITPOINT WARNING * * *
Pikel burns you.
* * * LOW HITPOINT WARNING * * *
You hit Pikel. You grab Pikel. You squeeze Pikel, but do no damage.
Pikel is lightly wounded.
You constrict Pikel, but do no damage.
The lemure hits Pikel!
Pikel closely misses you.
You hit Pikel.
Pikel is moderately wounded.
You constrict Pikel.
Pikel hits you with a +0 whip of flaming!
You die...

#.......## .## ##.......# .
.. #....##.# .#.# #.##......
... #.##....#..
#.###.##....###.
##..#..##....###. ..
#.....?.......[.. ###..
#.##@####......# .....
##+##K####......# .....
#...#.).##....>.## ...#####
#+#...#5#!##........ ...+...+
#......[#.$.........
####...#####...###......$....
.#.......#.'...'.#.##.5......
.#'#...#'#.#####.#'##<.##..##
...#...#.....#.....#..## #...


You could see Pikel and a lemure (confused).

Vanquished Creatures
  A black bear (D:4)
  An ice beast (D:5)
  A necrophage (D:4)
  A scorpion (D:5)
  A wyvern skeleton (D:5)
  A bullfrog zombie (D:5)
  A hound (D:4)
  5 adders
  6 gnolls
  6 orcs
  9 ball pythons
  12 endoplasms
  5 giant cockroaches
  5 goblins
  4 hobgoblins
  3 jackals (D:1)
  7 kobolds
  2 quokkas
  4 bats
  3 frilled lizards
  4 rats (D:1)
82 creatures vanquished.

Vanquished Creatures (collateral kills)
  A gnoll (D:4)
  A shadow imp (D:5)
2 creatures vanquished.

Vanquished Creatures (others)
  An ogre (D:5)
  2 lemures (D:5)
3 creatures vanquished.

Grand Total: 87 creatures vanquished

Notes
Turn   | Place    | Note
-------+----------+-------------------------------------------
     0 | D:1      | porpoise the Octopode Artificer began the quest for the
                  | Orb.
     0 | D:1      | Reached XP level 1. HP: 13/13 MP: 1/1
   133 | D:1      | Reached skill level 2 in Stealth
   145 | D:1      | Reached XP level 2. HP: 12/18 MP: 2/2
   408 | D:1      | Reached skill level 3 in Stealth
   809 | D:1      | Reached XP level 3. HP: 24/24 MP: 3/3
  1102 | D:1      | Found a faded altar of an unknown god.
  1898 | D:2      | Reached XP level 4. HP: 30/30 MP: 4/4
  2116 | D:2      | Reached skill level 1 in Short Blades
  2888 | D:3      | Reached skill level 4 in Stealth
  3501 | D:4      | Reached XP level 5. HP: 33/36 MP: 5/5
  3849 | D:4      | Noticed a black bear
  3858 | D:4      | Killed a black bear
  3859 | D:4      | Reached skill level 5 in Stealth
  3859 | D:4      | Reached XP level 6. HP: 21/43 MP: 6/6
  4051 | D:4      | Noticed a necrophage
  4060 | D:4      | Killed a necrophage
  4884 | D:5      | Entered Level 5 of the Dungeon
  5049 | D:5      | Reached skill level 5 in Fighting
  5049 | D:5      | Reached XP level 7. HP: 29/50 MP: 7/7
  5221 | D:5      | Reached skill level 6 in Stealth
  5486 | D:5      | Noticed Pikel
  5730 | D:5      | Slain by Pikel

Illustrated notes

Levels and vault maps discovered:
D:1:      amcnicky_arrival_wind_blow, layout_loops_ring,
          hellmonk_ecumenical_altar_leap_of_faith
D:2:      layout_rooms
D:3:      layout_basic
D:4:      layout_cave_pools
D:5:      nicolae_cairo_tiling_large, layout_rooms, uniq_pikel

Skill      XL: |  1  2  3  4  5  6  7 |
---------------+----------------------+-----
Stealth        | 2 3 4 5 6 |  6.2
Fighting       | 2 3 4 5 |  5.4
Short Blades   | 1 2 3 |  3.4
Dodging        | |  2.3
Evocations     | |  3.2

Action                   |  1- 3 |  4- 6 |  7- 9 || total
-------------------------+-------+-------+-------++-------
Melee: Club              |    16 |       |       ||    16
       Tentacles         |    15 |    20 |     2 ||    37
       Constrict         |    15 |    21 |     1 ||    37
       Punch             |     2 |     1 |       ||     3
       Dagger            |    49 |    98 |    14 ||   161
       Trident           |     2 |       |       ||     2
 Fire: Hunting sling     |       |    22 |     4 ||    26
Evoke: Wand              |       |     5 |     9 ||    14
       Piece from Xom's  |       |     1 |     1 ||     2
  Use: Scroll            |       |     4 |       ||     4
 Stab: Sleeping          |     9 |    15 |     1 ||    25
Armor: Skin              |     4 |     1 |       ||     5
Dodge: Dodged            |    31 |    41 |     9 ||    81
Block: Buckler           |       |     1 |       ||     1
